 Dungeon Crawl Stone Soup version 0.26-a0-1139-g7d2dc893a1 (webtiles) character file.

Game seed: 14570512505056936791

119 katjes the Cudgeller (level 5, 0/31 HPs)
             Began as a Gargoyle Gladiator on Dec 22, 2020.
             Slain by Grinder (3 damage)
             ... on level 3 of the Dungeon.
             The game lasted 00:08:55 (1990 turns).

katjes the Cudgeller (Gargoyle Gladiator)           Turns: 1990, Time: 00:08:56

Health: 0/31       AC:  9    Str: 19    XL:     5   Next: 3%
Magic:  5/5        EV: 12    Int:  8    God:
Gold:   55         SH:  0    Dex: 11    Spells: 4/4 levels left

rFire    . . .     SeeInvis .   a - +0 flail
rCold    . . .     Faith    .   (no shield)
rNeg     + . .     Spirit   .   b - +0 leather armour
rPois    ∞         Reflect  .   c - +0 helmet
rElec    +         Harm     .   (no cloak)
rCorr    .         Rampage  .   f - +0 pair of gloves
Will     .....                  (no boots)
Stlth    +.........             (no amulet)
HPRegen  0.10/turn              (no ring)
MPRegen  0.09/turn              (no ring)

@: no status effects
A: negative energy resistance 1, electricity resistance, unbreathing,
petrification resistance, miasma immunity, AC +4
a: no special abilities


You were on level 3 of the Dungeon.
You visited 1 branch of the dungeon, and saw 3 of its levels.

You collected 55 gold pieces.

Inventory:

Hand Weapons
 a - a +0 flail (weapon)
 h - a +0 whip
 k - a +0 dagger
Missiles
 d - 4 throwing nets (quivered)
 e - 31 stones
 j - 15 bolts
 r - 48 arrows
Armour
 b - a +0 leather armour (worn)
 c - a +0 helmet (worn)
 f - a +0 pair of gloves (worn)
 m - a +0 kite shield
 o - a +0 leather armour
Jewellery
 n - an uncursed amulet of reflection {unknown}
Scrolls
 g - a scroll of amnesia {unknown}
 l - 2 scrolls of magic mapping {unknown}
 p - 3 scrolls of remove curse {unknown}
 q - a scroll of fog {unknown}
Potions
 i - a potion of curing {unknown}
 s - a potion of degeneration {unknown}


   Skills:
 + Level 2.7 Fighting
 + Level 4.7 Maces & Flails
 + Level 1.8 Throwing
 + Level 0.9 Armour
 + Level 2.9 Dodging
 + Level 0.2 Stealth


You had 4 spell levels left.
You didn't know any spells.
Your spell library was empty.

Dungeon Overview and Level Annotations

Branches:
Dungeon (3/15)

Altars:
Nemelex Xobeh

Annotations:
D:3 Grinder


Innate Abilities, Weirdness & Mutations

You are resistant to torment.
Your stone body is resilient. (AC +4)
You are immune to poison.
You resist negative energy. (rN+)
You are resistant to electric shocks. (rElec)
You can survive without breathing.
You are immune to petrification.
You are immune to miasma.


Message History

You barely miss the adder. The adder bites you but does no damage.
Grinder gestures at you.
You suddenly lose the ability to move!
The adder bites you. The dart slug bites you.
The adder bites you but does no damage. Grinder gestures at you.
Pain shoots through your body!
You can move again.
Unknown command.
You hit the adder.
The adder is lightly wounded.
The adder bites you but does no damage. The dart slug misses you.
Grinder hits you!
* * * LOW HITPOINT WARNING * * *
The adder closely misses you.
You closely miss Grinder. Grinder hits you but does no damage.
The adder bites you but does no damage. The dart slug completely misses you.
You barely miss Grinder. The adder bites you.
* * * LOW HITPOINT WARNING * * *
Grinder hits you.
You die...

......<.# ##+##
###.#)### ##...##
..>...## ##.....##
###.##.## ##..†....##
##.#...####.†..†....#
...........'.†.......+
###.#...####.........###
#.##.## ##....5...... #
### ##..@S..####
##..w..# ##+#..# #.# ...
#.. ... ..


You could see Grinder, an adder and a dart slug.

Vanquished Creatures
  4 gnolls (D:3)
  4 adders (D:2)
  2 worms
  A dart slug (D:1)
  2 leopard geckos (D:1)
  A giant cockroach (D:1)
  5 goblins
  5 hobgoblins (D:2)
  3 kobolds (D:2)
  7 bats
  A frilled lizard (D:2)
  4 rats
39 creatures vanquished.

Notes
Turn   | Place    | Note
-------+----------+-------------------------------------------
     0 | D:1      | katjes the Gargoyle Gladiator began the quest for the Orb.
     0 | D:1      | Reached XP level 1. HP: 12/12 MP: 1/1
    57 | D:1      | Reached XP level 2. HP: 7/17 MP: 2/2
   557 | D:2      | Reached XP level 3. HP: 22/22 MP: 3/3
  1191 | D:2      | Found a sparkling altar of Nemelex Xobeh.
  1198 | D:2      | Reached skill level 4 in Maces & Flails
  1198 | D:2      | Reached XP level 4. HP: 25/27 MP: 4/4
  1950 | D:3      | Reached XP level 5. HP: 31/31 MP: 5/5
  1974 | D:3      | Noticed Grinder
  1986 | D:3      | Paralysed by Grinder for 2 turns
  1990 | D:3      | Slain by Grinder

Illustrated notes

Levels and vault maps discovered:
D:1:      minmay_arrival_checkered_box, layout_basic
D:2:      layout_basic, overflow_temple_1_default
D:3:      layout_loops_corners, old_standard_altar, minmay_unequal, uniq_grinder

Skill      XL: |  1  2  3 |
---------------+----------+-----
Maces & Flails | 4 |  4.7
Fighting       | |  2.7
Throwing       | |  1.8
Armour         | |  0.9
Dodging        | |  2.9
Stealth        | |  0.2

Action                   |  1- 3 |  4- 6 || total
-------------------------+-------+-------++-------
Melee: Flail             |    88 |    47 ||   135
Throw: Throwing net      |     1 |       ||     1
Armor: Leather armour    |    45 |    29 ||    74
Dodge: Dodged            |    96 |    42 ||   138

Table legend: (Time is in decaauts)
 A = Elapsed time spent in this place.
 B = Non-inter-level travel time spent in this place.
 C = Inter-level travel time spent in this place.
 D = Time resting spent in this place.
 E = Time spent auto-exploring this place.
 F = Levels seen in this place.
 G = Mean time per level.
                   A        B        C        D        E       F      G
               +--------+--------+--------+--------+--------+-----+--------+
         Total |   2016 |   2016 |      0 |    540 |   1032 |   3 |  672.0 |
       Dungeon |   2016 |   2016 |      0 |    540 |   1032 |   3 |  672.0 |
               +--------+--------+--------+--------+--------+-----+--------+

Top non-repeatable levels by time:
     D:2: 1089 daAuts
     D:1: 550 daAuts
     D:3: 376 daAuts
